cohdb
Replays
Latest Replays
All Replays
Popular Replays
Top Player Replays
Match Explorer
How It Works
Community
CoH3 Stats
Reddit
Sign in to upload your games and track your stats! →
Sign in with Steam
Match 42247487
Unlisted
Match 42247487
Overview
Messages
Build Orders
End
Kradschützen Motorcycle Team
Panzergrenadier Squad
Panzergrenadier Squad
Selects Panzerjäger Kommand Battlegroup
Selects Mine Fields
Construct Light Support Kompanie
Panzergrenadier Squad
MG34 Team
Fire Support Elements
Flakvierling Half-track
Panzerjäger Mechanized Group
Selects Tank Busters
Selects Defensive Positions
Construct Mechanized Kompanie
Selects Butterfly Bomb Drop
StuG III D Assault Gun
2.5-tonne Medical Truck
Gunnerside
Dave
Kay
Crazy Hamster
0
0
Comments
sign in to comment!
No comments posted yet!